 Dungeon Crawl Stone Soup version 0.32-a0-779-g362cfcae2a (webtiles) character file.

Game seed: 11302048891373100779

60 Fodor the Shield-Bearer (level 3, -5/3 HPs)
             Began as a Minotaur Fighter on Mar 19, 2024.
             Incinerated by a bombardier beetle (6 damage)
             ... with a burning spray
             ... on level 3 of the Dungeon.
             The game lasted 00:03:59 (1628 turns).

Fodor the Shield-Bearer (Minotaur Fighter)          Turns: 1628, Time: 00:04:00

Health: -5/3       AC:  2    Str: 22    XL:     3   Next: 80%
Magic:  2/2        EV:  9    Int:  5    God:
Gold:   122        SH:  0    Dex:  9    Spells: 2/2 levels left

rFire   . . .        a - melded +0 war axe
rCold   . . .        c - melded +0 buckler
rNeg    . . .        b - +0 scale mail
rPois   .            (helmet restricted)
rElec   .            g - +0 cloak
rCorr   .            (gloves currently unavailable)
SInv    .            (no boots)
Will    .....        (no amulet) Stlth
                     (no ring)
HPRegen 0.20/turn    (no ring)
MPRegen 0.08/turn

%: no passive effects
@: on fire, blade hands, glowing
A: reduced hp, horns 2, retaliatory headbutt
a: Begin Untransformation


You were on level 3 of the Dungeon.
You had blades for hands.
You visited 1 branch of the dungeon, and saw 3 of its levels.

You collected 122 gold pieces.

Inventory:

Hand Weapons
 a - a +0 war axe (melded)
Missiles
 n - 2 boomerangs (quivered)
Armour
 b - a +0 scale mail (worn)
 c - a +0 buckler (melded)
 g - a +0 cloak (worn)
 s - a +0 pair of gloves
Talismans
 q - a blade talisman (active)
Scrolls
 i - a scroll of poison {unknown}
 j - 3 scrolls of identify {unknown}
 m - a scroll of teleportation {unknown}
 p - a scroll of revelation {unknown}
 r - a scroll of enchant armour {unknown}
Potions
 d - 2 potions of might
 e - a potion of enlightenment {unknown}
 f - a potion of attraction {unknown}
 h - a potion of degeneration {unknown}
 k - a potion of brilliance {unknown}
 l - a potion of ambrosia {unknown}
 o - a potion of invisibility {unknown}


   Skills:
 + Level 4.0 Fighting
 + Level 3.6 Axes
 + Level 0.6 Throwing
 + Level 4.0 Armour
 + Level 0.4 Dodging
 + Level 4.1 Shields


You had 2 spell levels left.
You didn't know any spells.
Your spell library contained the following spells:

 Spells                   Type           Power      Damage    Failure   Level
 Gell's Gravitas          Tloc           0%         N/A       99%         3
 Teleport Other           Tloc           0%         N/A       99%         3
 Dispersal                Tloc           0%         N/A       100%        6


Dungeon Overview and Level Annotations

Branches:
Dungeon (3/15)

Altars:


Innate Abilities, Weirdness & Mutations

You have blades for hands.
Your maximum health is decreased, since you lack skill for your form.
You are incapable of wielding weapons or throwing items.
You have a pair of horns on your head.
You reflexively headbutt those who attack you in melee.


Message History

You open the door.
There is an open door here.
Found a stone staircase leading down.
As you open the door, it creaks loudly!
There is an open door here.
Found a pair of gloves.
You see here a +0 pair of gloves.
s - a +0 pair of gloves
There is an open door here.
There is a stone staircase leading down here.
Done exploring.
Done exploring.
There is a stone staircase leading down here.
You climb downwards.
There is a stone staircase leading up here.
A goblin comes into view. It is wielding a +0 dagger of draining.
Found 6 stones.
You closely miss the goblin. Your headbutt misses the goblin.
The goblin completely misses you.
You closely miss the goblin. You headbutt the goblin.
You kill the goblin!
Things that are here:
a +0 dagger of draining; 6 stones; a goblin corpse
j - 3 scrolls labelled WEHUC QUAWK (gained 1)
A bombardier beetle comes into view.
A ball python comes into view.
The ball python hisses angrily.
The bombardier beetle sprays incendiary fluid at you.
The burning spray hits you.
You are covered in liquid fire!
You slash the bombardier beetle! You headbutt the bombardier beetle!
The bombardier beetle is almost dead.
The liquid fire burns you!
Ouch! That really hurt!
The bombardier beetle bites you but does no damage.
You hit the bombardier beetle.
The bombardier beetle is almost dead.
The liquid fire burns you!
Ouch! That really hurt!
You die...

............ #
........... ##.#
#..........
....###..........
#.................
#.........$.......
#.......:..B......
#######...####..@...S...
.)......................
#####...................
# #.........##+####+## #
#.........# #
#.........# #
#.........# #
#.........# #
#............#


You could see a bombardier beetle and a ball python.

Vanquished Creatures
  An adder (D:2)
  2 dart slugs (D:2)
  6 endoplasms
  3 giant cockroaches
  3 goblins
  8 hobgoblins
  3 quokkas
  4 ball pythons
  3 bats
  A kobold (D:1)
  5 rats
39 creatures vanquished.

Notes
Turn   | Place    | Note
-------+----------+-------------------------------------------
     0 | D:1      | Fodor the Minotaur Fighter began the quest for the Orb.
     0 | D:1      | Reached XP level 1. HP: 19/19 MP: 0/0
   227 | D:1      | Reached XP level 2. HP: 27/27 MP: 1/1
  1038 | D:2      | Reached XP level 3. HP: 33/33 MP: 2/2
  1628 | D:3      | Incinerated by a bombardier beetle

Illustrated notes

Levels and vault maps discovered:
D:1:      lightli_arrival_maybe_door_vault, layout_basic
D:2:      layout_basic, ebering_dispersal_statue_hall
D:3:      layout_basic, uniq_robin

Skill      XL: |  1  2  3 |
---------------+----------+-----
Axes           | 3 |  3.6
Shields        | 4 |  4.1
Fighting       | 4 |  4.0
Armour         | 4 |  4.0
Throwing       | |  0.6
Dodging        | |  0.4

Action                     || total
---------------------------++-------
  Melee: War axe           ||    75
         Headbutt          ||     8
         Unarmed           ||     5
  Throw: Boomerang         ||    20
 Armour: Scale mail        ||    78
  Dodge: Dodged            ||    49
  Block: Buckler           ||    28
   Form: Blade             ||     1

Table legend: (Time is in decaauts)
 A = Elapsed time spent in this place.
 B = Non-inter-level travel time spent in this place.
 C = Inter-level travel time spent in this place.
 D = Time resting spent in this place.
 E = Time spent auto-exploring this place.
 F = Levels seen in this place.
 G = Mean time per level.
                   A        B        C        D        E       F      G
               +--------+--------+--------+--------+--------+-----+--------+
         Total |   1663 |   1663 |      0 |      0 |   1120 |   3 |  554.3 |
       Dungeon |   1663 |   1663 |      0 |      0 |   1120 |   3 |  554.3 |
               +--------+--------+--------+--------+--------+-----+--------+

Top non-repeatable levels by time:
     D:1: 1049 daAuts
     D:2: 568 daAuts
     D:3: 45 daAuts
